 Dungeon Crawl Stone Soup version 0.22.1-1-ga44c0e5 (webtiles) character file.

127 Velaskes the Digger (level 5, -3/35 HPs)
             Began as a Formicid Earth Elementalist on Nov 1, 2018.
             Was an Initiate of Vehumet.
             Slain by a gnoll
             ... wielding a +0 halberd
              (11 damage)
             ... on level 3 of the Dungeon.
             The game lasted 00:17:33 (2663 turns).

Velaskes the Digger (Formicid Earth Elementalist)   Turns: 2663, Time: 00:17:34

Health: -3/35      AC:  4    Str: 13    XL:     5   Next: 33%
Magic:  10/10      EV: 12    Int: 15    God:    Vehumet [......]
Gold:   112        SH:  0    Dex: 11    Spells: 10/11 levels left

rFire    . . .     SeeInvis +   o - +1 spear
rCold    . . .     Gourm    .   (no shield)
rNeg     . . .     Faith    .   p - +0 leather armour {MR+}
rPois    .         Spirit   .   (helmet unavailable)
rElec    .         Reflect  .   (no cloak)
rCorr    .         Harm     .   (no gloves)
MR       +....                  f - +0 pair of boots
Stlth    ++........             (no amulet)
HPRegen  0.11/turn              (no ring)
MPRegen  0.12/turn              (no ring)

@: no status effects
A: permanent stasis, dig shafts and tunnels, four strong arms, antennae 3
a: Dig, Shaft Self, Renounce Religion


You were on level 3 of the Dungeon.
You worshipped Vehumet.
Vehumet was noncommittal.
You were not hungry.

You visited 1 branch of the dungeon, and saw 3 of its levels.

You collected 112 gold pieces.

Inventory:

Hand Weapons
 g - a +0 whip
 o - a +1 spear (weapon)
Missiles
 n - 25 sling bullets
Armour
 c - a +0 robe
 e - a +1 hat
 f - a +0 pair of boots (worn)
 p - a +0 leather armour of magic resistance (worn)
Scrolls
 h - a scroll of fog
 i - 3 scrolls of enchant weapon
Potions
 a - 2 potions of heal wounds {unknown}
Comestibles
 d - 2 rations


   Skills:
 + Level 0.1 Polearms
 + Level 2.1 Dodging
 + Level 2.7 Stealth
 + Level 3.7 Spellcasting
   Level 1.1 Transmutations
 + Level 5.2 Earth Magic


You had 10 spell levels left.
You knew the following spells:

 Your Spells              Type           Power        Failure   Level  Hunger
a - Sandblast             Erth           ###...       2%          1    None

Your spell library contained the following spells:

 Spells                   Type           Power        Failure   Level  Hunger
 Passwall                 Tmut/Erth      ##......     10%         2    ##.....
 Stone Arrow              Conj/Erth      ##....       24%         3    ###....
 Petrify                  Tmut/Erth      ##......     54%         4    ####...
 Lee's Rapid Deconstruct  Erth           ###.......   61%         5    ######.


Dungeon Overview and Level Annotations

Branches:
Dungeon (3/15)

Altars:
Okawaru
Trog
Vehumet


Innate Abilities, Weirdness & Mutations

You cannot be hasted, slowed, berserked, paralysed or teleported.
You can dig through walls and to a lower floor.
Your four strong arms can wield two-handed weapons with a shield.
You have a pair of large antennae on your head. (SInv)


Message History

You continue taking off your +0 robe.
The gnoll hits you from afar with a halberd.
You finish taking off your +0 robe.
The gnoll hits you from afar with a halberd!
Keep equipping yourself?
You start putting on your armour.
You continue putting on your glowing leather armour.
The gnoll closely misses you.
You continue putting on your glowing leather armour.
The gnoll closely misses you.
You continue putting on your glowing leather armour. x2
The gnoll hits you from afar with a halberd.
You finish putting on your +0 leather armour of magic resistance.
You feel resistant to hostile enchantments.
The gnoll hits you with a halberd.
* * * LOW HITPOINT WARNING * * *
You hit the gnoll.
The gnoll is moderately wounded.
The gnoll hits you with a halberd!
You die...

.#####.###### ............
..........# ..........###### ##
...............# #.#
...!...........#### #.#########
..................###.........
................####........#
...............g@...........# #
...............#####........# .#
...........)................###.#
..§.†....#...†..............#...
.§.........##†##†###........#.###
.§§.........#....# #†#.#.........
............#....# #.#.#.####.###
.§§§#######.#....+ ....#.. ...#
....# .#....###.##########


You could see a gnoll.

Vanquished Creatures
  3 gnolls
  3 adders (D:2)
  An ooze (D:3)
  2 worms
  A dart slug (D:2)
  4 leopard geckos
  3 orcs
  9 bats
  2 giant cockroaches (D:1)
  6 goblins
  A hobgoblin (D:1)
  A quokka (D:2)
  A ball python (D:3)
  3 frilled lizards
  7 kobolds
  8 rats
55 creatures vanquished.

Notes
Turn   | Place    | Note
-------+----------+-------------------------------------------
     0 | D:1      | Velaskes the Formicid Earth Elementalist began the quest
                  | for the Orb.
     0 | D:1      | Reached XP level 1. HP: 13/13 MP: 3/3
   213 | D:1      | Reached skill level 4 in Earth Magic
   215 | D:1      | Reached XP level 2. HP: 19/19 MP: 0/5
   540 | D:1      | Reached XP level 3. HP: 24/24 MP: 4/6
   987 | D:1      | You fall through a shaft!
  1161 | D:2      | Found a bloodstained altar of Trog.
  1439 | D:2      | Reached XP level 4. HP: 30/30 MP: 4/8
  1647 | D:2      | Found a radiant altar of Vehumet.
  1691 | D:2      | Became a worshipper of Vehumet
  1731 | D:2      | Found an iron altar of Okawaru.
  1733 | D:2      | Reached skill level 5 in Earth Magic
  2145 | D:2      | Reached XP level 5. HP: 28/35 MP: 4/10
  2663 | D:3      | Slain by a gnoll

Skill      XL: |  1  2  3  4 |
---------------+-------------+-----
Earth Magic    | 4 5 |  5.2
Spellcasting   | 3 |  3.7
Dodging        | 2 |  2.1
Polearms       | |  0.1
Stealth        | |  2.7
Transmutations | |  1.1

Action                   |  1- 3 |  4- 6 || total
-------------------------+-------+-------++-------
Melee: Whip              |     3 |       ||     3
       Spear             |       |    16 ||    16
Throw: Stone             |    15 |     1 ||    16
       Throwing net      |       |     1 ||     1
 Cast: Sandblast         |    49 |    38 ||    87
 Abil: Dig               |     1 |     1 ||     2
       Shaft Self        |     1 |       ||     1
  Use: Scroll            |       |     6 ||     6
 Stab: Held in net/web   |       |     1 ||     1
  Eat: Ration            |     1 |     1 ||     2
       Chunk             |       |     1 ||     1
Armor: Robe              |     6 |     8 ||    14
Dodge: Dodged            |    13 |    27 ||    40
